 Dungeon Crawl Stone Soup version 0.22.1-2-g9c5b331 (webtiles) character file.

4593 esteth the Agent of Entropy (level 10, -9/83 HPs)
             Began as a Demonspawn Abyssal Knight on Dec 13, 2018.
             Was a Priest of Lugonu.
             Engulfed by an ice statue's freezing vapour (10 damage)
             ... on level 9 of the Dungeon.
             The game lasted 00:21:07 (9396 turns).

esteth the Agent of Entropy (DsAK)                  Turns: 9396, Time: 00:21:08

Health: -9/83      AC: 12    Str: 16    XL:     10   Next: 18%
Magic:  17/17      EV:  5    Int: 14    God:    Lugonu [***...]
Gold:   420        SH:  4    Dex: 12    Spells: 1/9 levels left

rFire    . . .     SeeInvis +   D - +7 quarterstaff of Wenukk {freeze, rN+}
rCold    . . .     Gourm    .   (shield currently unavailable)
rNeg     + + .     Faith    .   N - +1 plate armour of Seisa {rN+}
rPois    .         Spirit   .   (no helmet)
rElec    .         Reflect  .   (no cloak)
rCorr    .         Harm     .   (no gloves)
MR       .....                  (no boots)
Stlth    ..........             s - amulet of the acrobat
HPRegen  0.23/turn              K - ring of see invisible
MPRegen  0.15/turn              (no ring)

@: no status effects
A: claws 2, large bone plates 1, demonic guardian 1, spiny 3
a: Depart the Abyss, Bend Space, Banish, Renounce Religion


You were on level 9 of the Dungeon.
You worshipped Lugonu.
Lugonu was most pleased with you.
You were hungry.

You visited 1 branch of the dungeon, and saw 9 of its levels.
You visited the Abyss 2 times.
You also visited: Sewer.

You collected 420 gold pieces.

Inventory:

Hand Weapons
 a - a +1 hand axe
 C - a +1 hand axe of chopping
 D - the +7 quarterstaff of Wenukk (weapon) {freeze, rN+}
   (You found it on level 5 of the Dungeon)

   It has been specially enchanted to freeze those struck by it, causing extra
   injury to most foes and up to half again as much damage against particularly
   susceptible opponents.
   It can also slow down cold-blooded creatures.
   It protects you from negative energy.
Missiles
 i - 7 javelins (quivered)
Armour
 b - a +0 leather armour
 k - a +0 plate armour
 q - a +1 pair of gloves
 N - the +1 plate armour of Seisa (worn) {rN+}
   (You found it on level 9 of the Dungeon)

   It protects you from negative energy.
Jewellery
 f - a cursed ring of attention
 s - an amulet of the acrobat (around neck)
 K - a ring of see invisible (left claw)
Wands
 w - a wand of flame (30)
 A - a wand of polymorph (12)
 F - a wand of random effects (26)
 H - a wand of acid (14)
 I - a wand of enslavement (6)
 L - a wand of iceblast (8)
Scrolls
 d - 2 scrolls of identify
 g - 9 scrolls of fog {unknown}
 l - 4 scrolls of remove curse {unknown}
 m - 10 scrolls of teleportation {unknown}
 n - 3 scrolls of magic mapping {unknown}
 t - a scroll of amnesia {unknown}
 u - 2 scrolls of random uselessness {unknown}
 v - 3 scrolls of enchant weapon {unknown}
 y - 2 scrolls of fear {unknown}
 z - 5 scrolls of enchant armour {unknown}
 B - 2 scrolls of noise {unknown}
 E - a scroll of blinking {unknown}
 J - a scroll of torment {unknown}
 M - 2 scrolls of vulnerability {unknown}
Potions
 e - 7 potions of curing
 h - 3 potions of lignification {unknown}
 j - a potion of agility {unknown}
 o - a potion of degeneration {unknown}
 p - 2 potions of flight {unknown}
 r - 3 potions of haste {unknown}
 x - 3 potions of brilliance {unknown}
 G - 2 potions of ambrosia {unknown}
Comestibles
 c - 20 rations


   Skills:
 + Level 9.2 Fighting
 - Level 8.6 Axes
 + Level 2.4 Armour
 - Level 1.2 Dodging
 - Level 10.4 Invocations


You had one spell level left.
You knew the following spells:

 Your Spells              Type           Power        Failure   Level  Hunger
a - Controlled Blink      Tloc           N/A          100%        8    #######

Your spell library contained the following spells:

 Spells                   Type           Power        Failure   Level  Hunger
 Summon Small Mammal      Summ           #...         100%        1    ##.....
 Call Imp                 Summ           #.......     100%        2    ###....
 Call Canine Familiar     Summ           #.......     100%        3    ####...
 Gell's Gravitas          Tloc           #.........   100%        3    ####...
 Portal Projectile        Hex/Tloc       #.....       100%        3    ####...
 Summon Guardian Golem    Hex/Summ       #.......     100%        3    ####...
 Force Lance              Conj/Tloc      #.......     100%        4    #####..
 Summon Ice Beast         Ice/Summ       #.......     100%        4    #####..
 Summon Lightning Spire   Summ/Air       #.......     100%        4    #####..
 Dispersal                Tloc           #.........   100%        6    #######
 Disjunction              Tloc           #.........   100%        8    #######


Dungeon Overview and Level Annotations

Branches:
Dungeon (9/15)             Temple (0/1) D:5
   Lair: D:8-11         Orc: D:9-12

Altars:
Ashenzari
Elyvilon
Fedhas
Hepliaklqana
Makhleb
Nemelex Xobeh
Trog
Vehumet
Xom
Zin

Annotations:
D:7 1 runed door
D:9 exclusion: ice statue


Innate Abilities, Weirdness & Mutations

You have very sharp fingernails.
You are partially covered in large bone plates. (SH +4)
A weak demonic guardian rushes to your aid.
You are completely covered in sharp spines.


Message History

Your white imp hits the ice beast but does no damage.
The ice beast hits your white imp but does no damage.
The ice beast hits you but does no damage.
You block the ice beast's attack.
Your white imp is engulfed in freezing vapours.
Your white imp dies!
You thump the ice statue!
The ice statue is almost destroyed.
You are engulfed in freezing vapours.
* * * LOW HITPOINT WARNING * * *
The ice beast is struck by your spines. The ice beast completely misses you.
The ice beast hits you.
* * * LOW HITPOINT WARNING * * *
The ice beast freezes you!
* * * LOW HITPOINT WARNING * * *
The ice beast completely misses you.
You hit the ice statue.
The ice statue is almost destroyed.
You are engulfed in freezing vapours.
You die...

# #####....#...... #
#......#........ ##
#.....###....... .#
##....## #....... .##
###....## #....... ..#
##!##....# ##......
#.## ####...##...#
#...... #..#
##.#).8§Y##.5# ##.....
...## ##..##.Y@§§#..#
#..... ....#
#....##§Y§....# #.....
....## #.....##......#
##..... ..#..#
#......##....##
#...... .##..##
#.......##...#
##......
###...###..#.....##..#
#....#.. #
##...##..##.....#.##
##....###
#...#...###...####
#...#..# # ##......##
##.## ##..##..#


You could see an ice statue and 3 ice beasts.

Vanquished Creatures
  Prince Ribbit (D:8)
  2 hippogriffs (D:8)
  A spriggan (D:8)
  4 sky beasts
  4 ice beasts
  5 orc warriors
  A black bear (D:6)
  2 phantoms
  An ogre (D:9)
  2 big kobolds
  Blork the orc (D:6)
  2 bullfrogs
  5 scorpions
  A water moccasin skeleton (D:6)
  5 crimson imps
  A bullfrog zombie (D:6)
  2 jellies
  5 orc wizards
  A gnoll shaman (D:5)
  4 hounds
  4 orc priests
  Ijyb (D:5)
  3 centaur skeletons
  6 worker ants
  A worker ant zombie (D:6)
  9 adders
  9 gnolls (D:5)
  2 howler monkey skeletons
  An ufetubus (Abyss:1)
  2 oozes
  3 adder skeletons
  3 worms
  5 dart slugs
  5 leopard geckos
  26 orcs
  3 ball pythons
  10 giant cockroaches
  8 goblins
  5 hobgoblins
  7 jackals
  15 kobolds
  A quokka (D:8)
  A ball python skeleton (D:4)
  11 bats
  2 frilled lizards
  9 rats
202 creatures vanquished.

Vanquished Creatures (collateral kills)
  An obsidian statue (D:9)
  A necrophage (D:7)
  An ogre (D:8)
  A bullfrog zombie (D:8)
  An iguana (D:9)
  A hound skeleton (D:8)
  2 orcs (D:8)
8 creatures vanquished.

Grand Total: 210 creatures vanquished

Notes
Turn   | Place    | Note
-------+----------+-------------------------------------------
     0 | Abyss:1  | esteth the Demonspawn Abyssal Knight began the quest for
                  | the Orb.
     0 | Abyss:1  | Reached XP level 1. HP: 18/18 MP: 2/2
    14 | D:1      | Escaped the Abyss
    64 | D:1      | Reached skill level 1 in Dodging
    75 | D:1      | Gained mutation: You are partially covered in sharp spines.
                  | [demonic ancestry]
    75 | D:1      | Reached XP level 2. HP: 23/24 MP: 4/4
   652 | D:2      | You fall through a shaft for 2 floors!
   653 | D:4      | Noticed a scorpion
   664 | D:3      | Reached ** piety under Lugonu
   665 | D:3      | Gained mutation: You are mostly covered in sharp spines.
                  | [demonic ancestry]
   665 | D:3      | Reached XP level 3. HP: 29/29 MP: 5/5
  1050 | D:2      | Gained mutation: You have sharp fingernails. [demonic
                  | ancestry]
  1050 | D:2      | Reached XP level 4. HP: 25/35 MP: 6/6
  1313 | D:2      | Noticed a bullfrog
  1319 | D:2      | Killed a bullfrog
  1687 | D:3      | Found a radiant altar of Vehumet.
  1704 | D:3      | Gained mutation: You have very sharp fingernails. [demonic
                  | ancestry]
  1704 | D:3      | Reached XP level 5. HP: 37/41 MP: 7/7
  2089 | D:3      | Found a bloodstained altar of Trog.
  2209 | D:3      | Reached *** piety under Lugonu
  2572 | D:3      | Reached skill level 5 in Axes
  2656 | D:4      | Reached XP level 6. HP: 47/47 MP: 8/8
  3292 | D:5      | Entered Level 5 of the Dungeon
  3297 | D:5      | Found a glowing drain.
  3341 | Sewer    | Entered a sewer
  3787 | D:5      | Noticed a sky beast
  3797 | D:5      | Killed a sky beast
  3797 | D:5      | Gained mutation: You are partially covered in large bone
                  | plates. (SH +4) [demonic ancestry]
  3797 | D:5      | Reached XP level 7. HP: 44/52 MP: 9/9
  3939 | D:5      | Noticed Ijyb
  3940 | D:5      | Paralysed by Ijyb for 5 turns
  3961 | D:5      | Paralysed by Ijyb for 7 turns
  3973 | D:5      | Killed Ijyb
  3973 | D:5      | Reached skill level 3 in Invocations
  4057 | D:5      | Reached **** piety under Lugonu
  4106 | D:5      | Reached skill level 4 in Invocations
  4327 | D:5      | Reached skill level 5 in Invocations
  4419 | D:5      | Found a blossoming altar of Fedhas.
  4424 | D:5      | Got a jewelled quarterstaff
  4425 | D:5      | Identified the +7 quarterstaff of Wenukk {freeze, rN+} (You
                  | found it on level 5 of the Dungeon)
  4447 | D:5      | Reached XP level 8. HP: 38/58 MP: 10/12
  4943 | D:5      | Found a staircase to the Ecumenical Temple.
  5505 | D:6      | Reached skill level 6 in Invocations
  5513 | D:6      | Found a sparkling altar of Nemelex Xobeh.
  5605 | D:6      | Noticed Blork the orc
  5633 | D:6      | Killed Blork the orc
  5633 | D:6      | Reached skill level 7 in Invocations
  5883 | D:6      | Found a shattered altar of Ashenzari.
  5983 | D:6      | Reached skill level 5 in Fighting
  6628 | D:7      | Gained mutation: A weak demonic guardian rushes to your
                  | aid. [demonic ancestry]
  6628 | D:7      | Reached XP level 9. HP: 26/69 MP: 14/14
  6778 | D:7      | Found a runed door.
  6910 | D:7      | Found a shimmering altar of Xom.
  6911 | D:7      | Found a burning altar of Makhleb.
  7193 | D:7      | Learned a level 8 spell: Controlled Blink
  7274 | D:7      | Found a hazy altar of Hepliaklqana.
  7525 | D:8      | Found a glowing silver altar of Zin.
  7562 | D:8      | Reached ***** piety under Lugonu
  7586 | D:8      | Found a white marble altar of Elyvilon.
  7607 | D:8      | Reached skill level 8 in Invocations
  7800 | D:8      | Noticed Prince Ribbit
  7809 | D:8      | Killed Prince Ribbit
  7809 | D:8      | Reached skill level 9 in Invocations
  8429 | D:9      | Reached skill level 10 in Invocations
  8429 | D:9      | Gained mutation: You are completely covered in sharp
                  | spines. [demonic ancestry]
  8429 | D:9      | Reached XP level 10. HP: 55/82 MP: 17/17
  8790 | D:9      | Noticed an obsidian statue
  8805 | D:9      | Killed an obsidian statue
  8809 | D:9      | Got a dazzling plate armour
  8810 | D:9      | Identified the +1 plate armour of Seisa {rN+} (You found it
                  | on level 9 of the Dungeon)
  9096 | D:9      | Noticed an ice statue
  9105 | D:9      | HP: 2/83 [ice beast[an ice statue] (14)]
  9390 | D:9      | Escaped the Abyss
  9395 | D:9      | HP: 1/83 [ice beast[an ice statue] (7)]
  9396 | D:9      | Engulfed by an ice statue's freezing vapour

Skill      XL: |  1  2  3  4  5  6  7  8  9 10 |
---------------+-------------------------------+-----
Dodging        | 1 |  1.2
Armour         | 2 |  2.4
Axes           | 2 3 4 5 6 7 8 |  8.6
Invocations    | 5 7 10 | 10.4
Fighting       | 5 8 9 |  9.2

Action                   |  1- 3 |  4- 6 |  7- 9 | 10-12 || total
-------------------------+-------+-------+-------+-------++-------
Melee: Hand axe          |    74 |   176 |    96 |       ||   346
       Quarterstaff      |       |       |   171 |    55 ||   226
Invok: Depart the Abyss  |       |       |       |     1 ||     1
       Banish            |       |       |       |     1 ||     1
       Enter the Abyss   |       |       |       |     1 ||     1
  Use: Scroll            |       |     3 |     2 |     1 ||     6
       Potion            |       |       |     1 |     2 ||     3
 Stab: Distracted        |       |       |     2 |     1 ||     3
  Eat: Chunk             |       |     7 |    11 |     3 ||    21
       Ration            |       |     1 |     1 |       ||     2
Armor: Leather armour    |    15 |       |       |       ||    15
       Plate armour      |     8 |    99 |   135 |    22 ||   264
Dodge: Dodged            |    40 |    37 |    96 |    15 ||   188
Block: Other             |       |       |    40 |    11 ||    51
